 Dungeon Crawl Stone Soup version 0.28-a0-724-g66f9036eb4 (webtiles) character file.

Game seed: 16491747688995159851

0 meatgazer the Skirmisher (level 1, -5/14 HPs)
             Began as a Demonspawn Abyssal Knight on Oct 26, 2021.
             Was a Follower of Lugonu.
             Killed from afar by a wretched star (19 damage)
             ... with a lance of force
             ... on level 1 of the Abyss.
             The game lasted 00:00:17 (88 turns).

meatgazer the Skirmisher (Demonspawn Abyssal Knight)  Turns: 88, Time: 00:00:18

Health: -5/14      AC:  3    Str: 13    XL:     1   Next: 0%
Magic:  2/2        EV: 11    Int: 11    God:    Lugonu [*.....]
Gold:   22         SH:  0    Dex: 13    Spells: 0/0 levels left

rFire   . . .      SeeInvis .   a - +1 falchion
rCold   . . .      Faith    .   (no shield)
rNeg    . . .      Spirit   .   b - +0 leather armour
rPois   .          Reflect  .   (no helmet)
rElec   .          Harm     .   (no cloak)
rCorr   .          Rampage  .   (no gloves)
Will    .....                   (no boots)
Stlth   +.........              (no amulet)
HPRegen 0.04/turn               (no ring)
MPRegen 0.08/turn               (no ring)

@: very slightly contaminated, invisible
A: [frail 2], [screaming 2]
a: Renounce Religion, Depart the Abyss


You were on level 1 of the Abyss.
You worshipped Lugonu.
Lugonu was aware of your devotion.
You visited 0 branches of the dungeon, and saw 0 of its levels.
You visited the Abyss 1 time.

You collected 22 gold pieces.

Inventory:

Hand Weapons
 a - a +1 falchion (weapon)
Armour
 b - a +0 leather armour (worn)
Potions
 c - a potion of invisibility


   Skills:
 + Level 3.0 Fighting
 + Level 1.7 Long Blades
 + Level 1.7 Armour
 + Level 0.8 Dodging
 + Level 2.4 Invocations


You couldn't memorise any spells.
You didn't know any spells.
Your spell library was empty.

Dungeon Overview and Level Annotations

Branches:
Dungeon (0/15)

Altars:


Innate Abilities, Weirdness & Mutations

[You are very frail. (-20% HP)]
[You frequently scream uncontrollably at your foes.]


Message History

Welcome, meatgazer the Demonspawn Abyssal Knight.
It is said that the Orb of Zot exists deep within this dungeon.
Lugonu says: Depart the Abyss and spread corruption, my servant! (use the ability menu to exit the Abyss) Press ? for a list of commands and other information.
Found a corrupted altar of Lugonu.
Found 23 arrows.
You now have 9 gold pieces.
You now have 22 gold pieces (gained 13).
A tentacled starspawn appears in a shower of sparks.
Tentacles burst from the starspawn's body! 2 starspawn tentacles come into view.
The starspawn tentacle grabs you. The starspawn tentacle constricts you.
A starspawn tentacle segment comes into view.
You escape the starspawn tentacle's grasp.
Found 2 viscous ruby potions.
c - 2 viscous ruby potions
There are no items here.
It was a potion of invisibility.
You fade into invisibility!
You are very lightly contaminated with residual magic.
A wretched star comes into view.
The wretched star pulses with an eldritch light!
You feel the urge to shout.
You feel a strong urge to scream.
You feel frail. x2
Tentacles burst from the starspawn's body!
The wretched star glows turbulently.
The lance of force hits you!!
Ouch! That really hurt!
You die...

.........#.#.....#
#. \ ... ....#....#
## #...
...###....####...#
## #
....#........##.#...
........Xw..#.#... #
.......w.###.# .##
..........#### ## .
..#*.......# ...
##.@.###.# .
#.......#.# .
........##.##
..........#
.........##
....#....#
...###.... ##. ###..


You could see a tentacled starspawn, a wretched star and 2 starspawn tentacles.

Vanquished Creatures (others)
  2 starspawn tentacles (Abyss:1)
2 creatures vanquished.

Notes
Turn   | Place    | Note
-------+----------+-------------------------------------------
     0 | Abyss:1  | meatgazer the Demonspawn Abyssal Knight began the quest for
                  | the Orb.
     0 | Abyss:1  | Reached XP level 1. HP: 18/18 MP: 2/2
    56 | Abyss:1  | Noticed a tentacled starspawn
    83 | Abyss:1  | Noticed a wretched star
    88 | Abyss:1  | Killed from afar by a wretched star

Illustrated notes

Levels and vault maps discovered:
Abyss:1:  base: Temple, base:
Temple

Action                   || total
-------------------------++-------
  Use: Potion            ||     1

Table legend: (Time is in decaauts)
 A = Elapsed time spent in this place.
 B = Non-inter-level travel time spent in this place.
 C = Inter-level travel time spent in this place.
 D = Time resting spent in this place.
 E = Time spent auto-exploring this place.
 F = Levels seen in this place.
 G = Mean time per level.
                   A        B        C        D        E       F      G
               +--------+--------+--------+--------+--------+-----+--------+
         Total |     88 |     88 |      0 |      0 |     54 |   1 |   88.0 |
         Abyss |     88 |     88 |      0 |      0 |     54 |   1 |   88.0 |
               +--------+--------+--------+--------+--------+-----+--------+

Top non-repeatable levels by time:
 Abyss:1: 88 daAuts
